 Dungeon Crawl Stone Soup version 0.26-a0-661-g406de6ba63 (webtiles) character file.

Game seed: 5315378599999356280

4893 strifetoe the Cleaver (level 10, -4/86 HPs)
             Began as a Palentonga Hedge Wizard on Oct 8, 2020.
             Was a Priest of Makhleb.
             Slain by a yak (17 damage)
             ... on level 9 of the Dungeon.
             The game lasted 00:25:10 (12398 turns).

strifetoe the Cleaver (Palentonga Hedge Wizard)    Turns: 12398, Time: 00:25:11

Health: -4/86      AC:  2    Str: 15    XL:     10   Next: 26%
Magic:  8/14       EV: 10    Int: 16    God:    Makhleb [***...]
Gold:   60         SH:  4    Dex: 10    Spells: 0/15 levels left

rFire    + . .     SeeInvis +   w - +6 broad axe of Xucraf {vorpal, +Rage rElec}
rCold    x . .     Faith    .   F - +0 buckler
rNeg     . . .     Spirit   .   f - +2 robe {MR+}
rPois    +         Reflect  .   c - +0 hat
rElec    +         Harm     .   (no cloak)
rCorr    .         Rampage  .   (no gloves)
MR       +....                  (no barding)
Stlth    +.........             (no amulet)
HPRegen  0.24/turn              k - ring of poison resistance
MPRegen  0.14/turn              d - ring of fire

@: corroded, very slightly contaminated
A: large, rugged brown scales 3, see invisible, deformed body, roll, armoured
tail
a: Rolling Charge, Minor Destruction, Lesser Servant of Makhleb, Renounce
Religion, Evoke Berserk Rage


You were on level 9 of the Dungeon.
You worshipped Makhleb.
Makhleb was most pleased with you.
You visited 1 branch of the dungeon, and saw 9 of its levels.

You collected 368 gold pieces.
You spent 308 gold pieces at shops.

Inventory:

Hand Weapons
 e - a +1 dagger of draining
 w - the +6 broad axe of Xucraf (weapon) {vorpal, +Rage rElec}
   (You found it on level 4 of the Dungeon)

   It inflicts extra damage upon your enemies.
   It insulates you from electricity.
   It lets you go berserk.
 y - a +0 dagger of venom
Armour
 b - a +3 chain mail of positive energy
 c - a +0 hat (worn)
 f - a +2 robe of magic resistance (worn)
 x - a +0 scale mail of magic resistance
 F - a +0 buckler (worn)
Jewellery
 d - a ring of fire (right hand)
 k - a ring of poison resistance (left hand)
 q - an uncursed amulet of guardian spirit
Wands
 a - a wand of iceblast (22)
 r - a wand of digging (3)
 s - a wand of paralysis (4)
 B - a wand of acid (9)
Scrolls
 g - a scroll of teleportation
 h - 2 scrolls of enchant weapon
 j - a scroll of noise
 l - 6 scrolls of identify
 n - 3 scrolls of remove curse
 p - 3 scrolls of immolation
Potions
 i - a potion of might
 m - 3 potions of haste
 o - 4 potions of curing
 u - 2 potions of resistance
 v - 2 potions of lignification
 z - 2 potions of flight
 A - a potion of heal wounds
 G - 2 potions of brilliance


   Skills:
 - Level 5.1 Fighting
 - Level 9.2 Axes
 - Level 2.5 Armour
 - Level 1.5 Dodging
 - Level 1.2 Stealth
 - Level 4.4 Shields
 - Level 3.0 Spellcasting
 - Level 3.1 Conjurations
 - Level 2.0 Summonings
   Level 1.0 Translocations
 + Level 3.8 Transmutations
 - Level 2.1 Fire Magic
 - Level 2.1 Air Magic
 - Level 2.0 Poison Magic
 - Level 3.4 Invocations


You couldn't memorise any spells.
You knew the following spells:

 Your Spells              Type           Power        Failure   Level
a - Magic Dart            Conj           ##..         5%          1
b - Call Imp              Summ           #.......     12%         2
c - Conjure Flame         Conj/Fire      ###.....     19%         3
d - Mephitic Cloud        Conj/Pois/Air  ##......     21%         3
e - Beastly Appendage     Tmut           ##....       3%          1
f - Blade Hands           Tmut           ##........   71%         5

Your spell library contained the following spells:

 Spells                   Type           Power        Failure   Level
 Wereblood                Tmut           ##......     6%          2
 Passwall                 Tmut/Erth      #.......     13%         2
 Spider Form              Tmut/Pois      ##........   17%         3
 Sandblast                Erth           #.....       19%         1
 Blink                    Tloc           N/A          19%         2
 Slow                     Hex            #.......     28%         2
 Stone Arrow              Conj/Erth      #.....       30%         3
 Ice Form                 Ice/Tmut       #.......     63%         4
 Petrify                  Tmut/Erth      #.......     63%         4
 Lee's Rapid Deconstruct  Erth           #.........   99%         5


Dungeon Overview and Level Annotations

Branches:
Dungeon (9/15)             Temple (0/1) D:7
   Lair: D:8-11         Orc: D:9-12

Altars:
Cheibriados
Kikubaaqudgha
Makhleb
Qazlal
Ru
Trog
The Shining One

Shops:
D:6 !

Annotations:
D:2 exclusion: downstairs
D:5 2 transporters, GoodGuyCap's ghost, amateur HOMo
D:7 exclusion: downstairs


Innate Abilities, Weirdness & Mutations

You are completely covered in rugged brown scales. (AC +3, +7% HP)
You have supernaturally acute eyesight. (SInv)
Armour fits poorly on your strangely shaped body.
You can roll at foes to attack.
You have a long armoured tail.


Message History

You are very lightly contaminated with residual magic.
Nothing appears to happen.
The yak barely misses you. The yak gores you! The yak gores you.
Your crimson imp hits the yak.
You are too injured to fight recklessly!
Unknown command.
You are too injured to fight recklessly!
Unknown command.
You are too injured to fight recklessly!
Unknown command.
Unknown command.
You barely miss the yak. You tail-slap the yak.
The yak is severely wounded.
You hit the yak. You hit the yak but do no damage.
Your crimson imp disappears in a puff of smoke!
The yak gores you!
* * * LOW HITPOINT WARNING * * *
The yak gores you!
* * * LOW HITPOINT WARNING * * *
Your shadow imp hits the yak.
The yak gores you!
You die...

#........'...........#.
#........#...........#.
#........#...........#.
#........########....#.
#........# ........'.
#........# .........#.
#........# .........#.
#........# .........##
#....ยง@5.# #####....#
#....YYY.# ......#
#........# .......#
#........# ..#####
#........# #........#
#........# #........#


You could see 3 yaks and a friendly shadow imp (summoned).

Vanquished Creatures
  Harold (D:8)
  Erica (D:8)
  Pikel (D:8)
  A hornet (D:7)
  2 yaks (D:9)
  2 orc warriors
  3 sky beasts (D:7)
  A black bear (D:7)
  3 phantoms
  A lemure (D:8)
  2 big kobolds
  Blork the orc (D:6)
  3 bullfrogs
  2 scorpions
  4 killer bees
  4 wights (D:8)
  2 howler monkeys
  3 jellies
  4 orc priests
  A hound (D:5)
  3 bullfrog skeletons
  2 iguanas (D:8)
  A worker ant (D:8)
  6 orc wizards
  A killer bee zombie (D:8)
  A hound skeleton (D:7)
  Robin (D:3)
  4 gnolls (D:7)
  11 adders
  2 shadow imps
  A white imp (D:6)
  3 adder zombies
  2 adder skeletons
  A worm (D:2)
  2 dart slugs (D:1)
  6 leopard geckos
  29 orcs
  3 ball pythons
  4 bats
  8 giant cockroaches
  6 goblins
  4 hobgoblins
  3 jackals
  5 quokkas
  5 frilled lizards
  10 kobolds
  A leopard gecko skeleton (D:8)
  4 rats
171 creatures vanquished.

Vanquished Creatures (collateral kills)
  2 ogres
  A water moccasin zombie (D:5)
  A bullfrog zombie (D:7)
  An orc wizard (D:8)
  3 worker ants
  An adder (D:2)
  3 gnolls (D:3)
  A leopard gecko (D:3)
  5 orcs
  A ball python (D:6)
  4 hobgoblins (D:3)
  5 jackals
  2 frilled lizards (D:3)
  6 goblins (D:3)
  A kobold (D:3)
37 creatures vanquished.

Vanquished Creatures (others)
  A goblin (D:3)
  A plant (D:4)
2 creatures vanquished.

Grand Total: 210 creatures vanquished

Notes
Turn   | Place    | Note
-------+----------+-------------------------------------------
     0 | D:1      | strifetoe the Palentonga Hedge Wizard began the quest for
                  | the Orb.
     0 | D:1      | Reached XP level 1. HP: 14/14 MP: 4/4
    69 | D:1      | Reached skill level 1 in Conjurations
   279 | D:1      | Reached XP level 2. HP: 13/21 MP: 6/6
   948 | D:1      | Learned a level 2 spell: Call Imp
  1053 | D:2      | Reached skill level 1 in Summonings
  1324 | D:2      | Reached XP level 3. HP: 27/27 MP: 7/7
  2291 | D:3      | Learned a level 3 spell: Conjure Flame
  2620 | D:3      | Found a sacrificial altar of Ru.
  2622 | D:3      | Found a burning altar of Makhleb.
  2623 | D:3      | Found a bloodstained altar of Trog.
  2623 | D:3      | Found a snail-covered altar of Cheibriados.
  2625 | D:3      | Found an ancient bone altar of Kikubaaqudgha.
  2641 | D:3      | Became a worshipper of Makhleb the Destroyer
  2742 | D:3      | Reached XP level 4. HP: 10/35 MP: 3/8
  3501 | D:3      | Reached skill level 1 in Fire Magic
  3859 | D:3      | Noticed Robin
  3888 | D:3      | Reached * piety under Makhleb
  3943 | D:3      | Killed Robin
  3943 | D:3      | Reached XP level 5. HP: 33/40 MP: 5/9
  4444 | D:3      | Learned a level 3 spell: Mephitic Cloud
  4704 | D:4      | Noticed an ogre
  4710 | D:4      | Got a twisted broad axe
  4979 | D:4      | Killed an ogre
  4979 | D:4      | Reached skill level 1 in Air Magic
  4979 | D:4      | Reached skill level 1 in Poison Magic
  5133 | D:4      | Reached XP level 6. HP: 27/48 MP: 3/10
  5639 | D:4      | Identified the +6 broad axe of Xucraf {vorpal, +Rage rElec}
                  | (You found it on level 4 of the Dungeon)
  5674 | D:5      | Entered Level 5 of the Dungeon
  5799 | D:5      | Reached skill level 1 in Axes
  6287 | D:5      | Reached skill level 2 in Axes
  6826 | D:5      | Reached skill level 3 in Axes
  6826 | D:5      | Reached XP level 7. HP: 35/53 MP: 11/11
  7135 | D:5      | Found a stormy altar of Qazlal.
  7248 | D:5      | Found a transporter.
  7252 | D:5      | Found a transporter.
  7252 | D:5      | Noticed GoodGuyCap's ghost (amateur HOMo)
  7270 | D:5      | Noticed a hornet
  7303 | D:5      | You fall into a shaft and drop 3 floors!
  7364 | D:7      | Reached skill level 4 in Axes
  7370 | D:7      | Reached skill level 5 in Axes
  7565 | D:7      | Reached ** piety under Makhleb
  7611 | D:7      | Reached skill level 6 in Axes
  7787 | D:7      | Reached XP level 8. HP: 60/60 MP: 7/12
  7861 | D:6      | Noticed Blork the orc
  7868 | D:6      | Killed Blork the orc
  7868 | D:6      | Reached skill level 7 in Axes
  7939 | D:6      | Reached skill level 1 in Fighting
  8410 | D:6      | Found Muvas's Distillery.
  8427 | D:6      | Bought a potion of degeneration for 14 gold pieces
  8492 | D:6      | Found a glowing golden altar of the Shining One.
  9262 | D:5      | You fall into a shaft and drop 2 floors!
  9648 | D:7      | Found a staircase to the Ecumenical Temple.
  9903 | D:7      | Reached skill level 5 in Fighting
 10327 | D:8      | Noticed Pikel
 10343 | D:8      | Killed Pikel
 10343 | D:8      | Reached skill level 8 in Axes
 10343 | D:8      | Reached XP level 9. HP: 62/79 MP: 1/13
 10512 | D:8      | Reached skill level 9 in Axes
 11063 | D:8      | Noticed Erica
 11072 | D:8      | Killed Erica
 11148 | D:8      | Learned a level 1 spell: Beastly Appendage
 11341 | D:8      | Noticed Harold
 11358 | D:8      | Killed Harold
 11358 | D:8      | Reached XP level 10. HP: 86/86 MP: 6/14
 11516 | D:8      | Learned a level 5 spell: Blade Hands
 11573 | D:8      | Reached *** piety under Makhleb
 11573 | D:8      | Reached skill level 1 in Transmutations
 11940 | D:6      | Bought a potion of heal wounds for 70 gold pieces
 11940 | D:6      | Bought a potion of haste for 140 gold pieces
 11940 | D:6      | Bought a potion of curing for 42 gold pieces
 11940 | D:6      | Bought a potion of curing for 42 gold pieces
 12398 | D:9      | Slain by a yak

Illustrated notes

Levels and vault maps discovered:
D:1:      ebering_trefoil_twist, layout_basic
D:2:      layout_loops_cross, grunt_decor_fettered
D:3:      layout_basic, grunt_temple_overflow_open, item_on_display_a,
          uniq_robin
D:4:      layout_basic, serial_bayou_pond_a
D:5:      layout_basic, lemuel_doored_altar, gammafunk_ghost_hive,
          lightli_ossuary_entry_decrepit_ruins
D:6:      layout_loops_corners, serial_shops, shop, nrook_campfire, tso_altar,
          uniq_blork_the_orc
D:7:      layout_rooms, minmay_temple_entry_overgrown
D:8:      layout_gridville, uniq_harold, uniq_erica, uniq_pikel
D:9:      layout_grid_maze, serial_shops, shop, nicolae_gozag_seed_capital

Skill      XL: |  1  2  3  4  5  6  7  8  9 10 |
---------------+-------------------------------+-----
Conjurations   | 1 2 3 |  3.1
Summonings     | 1 2 |  2.0
Fire Magic     | 1 2 |  2.1
Air Magic      | 1 2 |  2.1
Poison Magic   | 1 2 |  2.0
Axes           | 3 6 8 9 |  9.2
Fighting       | 5 |  5.1
Shields        | 4 |  4.4
Armour         | 2 |  2.5
Invocations    | 3 |  3.4
Transmutations | 3 |  3.8
Dodging        | |  1.5
Stealth        | |  1.2
Spellcasting   | |  3.0
Translocations | |  1.0

Action                   |  1- 3 |  4- 6 |  7- 9 | 10-12 || total
-------------------------+-------+-------+-------+-------++-------
Melee: Dagger            |    97 |   205 |       |       ||   302
       Tailslap          |    11 |    15 |    15 |     7 ||    48
       Short sword       |    57 |     7 |       |       ||    64
       Broad axe         |       |       |   184 |    60 ||   244
       Headbutt          |       |       |     1 |     2 ||     3
       Kick              |       |       |     1 |     1 ||     2
 Cast: Magic Dart        |    11 |     2 |       |       ||    13
       Call Imp          |     5 |    35 |    54 |    15 ||   109
       Mephitic Cloud    |       |       |     2 |       ||     2
       Beastly Appendage |       |       |     1 |     1 ||     2
 Abil: Evoke Berserk Rag |       |       |     1 |       ||     1
Evoke: Wand              |       |     3 |     5 |       ||     8
  Use: Scroll            |     4 |       |    11 |     3 ||    18
       Potion            |     1 |       |       |     3 ||     4
 Stab: Sleeping          |     2 |       |       |       ||     2
       Paralysed         |       |    11 |       |       ||    11
       Distracted        |       |       |     2 |       ||     2
       Confused          |       |       |     1 |       ||     1
Armor: Robe              |    60 |    67 |    65 |    12 ||   204
Dodge: Dodged            |    73 |   107 |   115 |    39 ||   334
Block: Buckler           |       |       |     2 |    16 ||    18

Table legend: (Time is in decaauts)
 A = Elapsed time spent in this place.
 B = Non-inter-level travel time spent in this place.
 C = Inter-level travel time spent in this place.
 D = Time resting spent in this place.
 E = Time spent auto-exploring this place.
 F = Levels seen in this place.
 G = Mean time per level.
                   A        B        C        D        E       F      G
               +--------+--------+--------+--------+--------+-----+--------+
         Total |  12473 |  12051 |    422 |   3200 |   6675 |   9 | 1385.9 |
       Dungeon |  12473 |  12051 |    422 |   3200 |   6675 |   9 | 1385.9 |
               +--------+--------+--------+--------+--------+-----+--------+

Top non-repeatable levels by time:
     D:5: 2196 daAuts
     D:3: 2134 daAuts
     D:7: 2091 daAuts
     D:2: 1316 daAuts
     D:6: 1259 daAuts
     D:4: 1185 daAuts
     D:8: 1103 daAuts
     D:1: 1041 daAuts
     D:9: 145 daAuts
